 Dungeon Crawl Stone Soup version 0.31-a0-435-g2c6fae2916 (webtiles) character file.

Game seed: 3464057907511724151

2768 disskorpion the Martial Artist (level 9, 0/66 HPs)
             Began as an Octopode Gladiator on Aug 1, 2023.
             Was an Initiate of Gozag.
             Slain by a +3 great sword of flaming (6 damage)
             ... created by the rancor of the Wu Jian Council
             ... on level 7 of the Dungeon.
             The game lasted 00:21:54 (6865 turns).

disskorpion the Martial Artist (Octopode Gladiator) Turns: 6865, Time: 00:21:55

Health: 0/66       AC:  5    Str: 14    XL:     9   Next: 69%
Magic:  9/9        EV: 12    Int: 10    God:    Gozag
Gold:   194        SH:  8    Dex: 17    Spells: 8/8 levels left

rFire   . .          .
                       - Unarmed
rCold   . . .        k - +0 kite shield
rNeg    . . .        a - +0 hat
rPois   +            (no amulet)
rElec   .            e - +4 ring of protection
rCorr   .            n - ring of poison resistance
SInv    .            (no ring)
Will    .....        (no ring)
Stlth   +++          (no ring)
HPRegen 0.31/turn    (no ring)
MPRegen 0.11/turn    (no ring)
                     (no ring)

%: no passive effects
@: mighty, brilliant, on berserk cooldown, invisible
A: almost no armour, amphibious, 8 rings, camouflage 1, gelatinous body 1,
(nimble swimmer 1), tentacles
a: Renounce Religion, Potion Petition, Call Merchant, Bribe Branch


You were on level 7 of the Dungeon.
You worshipped Gozag.
Gozag was aware of your devotion.
You visited 2 branches of the dungeon, and saw 8 of its levels.
You also visited: Sewer.

You collected 1550 gold pieces.
You spent 784 gold pieces at shops.
You paid 572 gold pieces to Gozag.

Inventory:

Armour
 a - a +0 hat (worn)
 k - a +0 kite shield (worn)
Jewellery
 e - a +4 ring of protection (left tentacle)
 h - a ring of magical power
 n - a ring of poison resistance (right tentacle)
Wands
 b - a wand of iceblast (1) (quivered)
 o - a wand of flame (17)
 p - a wand of polymorph (10)
Scrolls
 q - a scroll of identify
 r - a scroll of amnesia {unknown}
 u - a scroll of revelation {unknown}
 v - a scroll of teleportation
Potions
 d - a potion of berserk rage {unknown}
 f - 2 potions of cancellation
 g - 3 potions of resistance
 i - a potion of heal wounds {unknown}
 j - a potion of enlightenment
 l - 2 potions of brilliance
 m - a potion of might {unknown}
 t - a potion of magic


   Skills:
 + Level 8.1 Fighting
 - Level 2.0 Throwing
 - Level 3.0 Dodging
 - Level 10.9 Unarmed Combat


You had 8 spell levels left.
You didn't know any spells.
Your spell library contained the following spells:

 Spells                   Type           Power      Damage    Failure   Level
 Sandblast                Erth           0%         2d4       82%         1
 Blink                    Tloc           0%         N/A       91%         2
 Lesser Beckoning         Tloc           0%         N/A       91%         2
 Momentum Strike          Conj/Tloc      0%         3d8       91%         2
 Passwall                 Tmut/Erth      0%         N/A       91%         2
 Sublimation of Blood     Necr           0%         N/A       91%         2
 Wereblood                Tmut           0%         N/A       91%         2
 Gell's Gravitas          Tloc           0%         N/A       99%         3
 Stone Arrow              Conj/Erth      0%         3d7       99%         3
 Teleport Other           Tloc           0%         N/A       99%         3
 Summon Hydra             Summ           0%         N/A       100%        7


Dungeon Overview and Level Annotations

Branches:
Dungeon (7/15)             Temple (1/1) D:5           Sewer (visited)

Altars:
Cheibriados
Dithmenos
Elyvilon
Fedhas
Gozag
Hepliaklqana
Kikubaaqudgha
Makhleb
Nemelex Xobeh
Okawaru
Qazlal
Sif Muna
Trog
Uskayaw
Vehumet
Wu Jian
Xom
Zin
The Shining One

Shops:
D:3 =   D:4 =

Annotations:
D:2 1 runed translucent door, Crazy Yiuf
D:3 3 runed translucent doors, Ethylacetat's ghost, amateur OpSh; Ethylacetat's ghost, weakling OpSh
D:6 exclusion: centaur


Innate Abilities, Weirdness & Mutations

You cannot wear most types of armour.
You are amphibious.
You can wear up to eight rings at the same time.
Your skin changes colour to match your surroundings (Stealth+).
Your rubbery body absorbs attacks. (AC +1, EV +1)
((You are camouflaged when in or above water. (Stealth+)))
You have tentacles for arms and can constrict up to eight enemies at once.


Message History

The +2 rapier of freezing hits you! The +2 rapier of freezing freezes you.
You block the +0 glaive of freezing's attack.
You feel yourself speed up.
Throw: javelin
Press: ? - help, Q - select action, (/) - cycle Shift-Dir - straight line, f - +3 great sword of flaming
Aim: a +3 great sword of flaming (durably summoned, 70% to hit)
You throw a javelin.
The javelin pierces through the +4 heavy great sword!
The +4 heavy great sword is heavily damaged.
The javelin pierces through the +2 rapier of freezing!
You destroy the +2 rapier of freezing!
That felt strangely unrewarding.
The javelin pierces through the +3 great sword of flaming but does no damage.
You tentacle-slap the +4 heavy great sword but do no damage.
You grab the +4 heavy great sword. You squeeze the +4 heavy great sword.
The +4 heavy great sword is severely damaged.
You constrict the +4 heavy great sword. The +4 heavy great sword hits you!!
* * * LOW HITPOINT WARNING * * *
You bludgeon the +4 heavy great sword!
You destroy the +4 heavy great sword!
That felt strangely unrewarding.
You bludgeon the +4 heavy quarterstaff!
You destroy the +4 heavy quarterstaff!
That felt strangely unrewarding.
Unknown command.
It was a potion of magic.
Magic courses through your body.
It was a potion of invisibility.
You fade into invisibility!
The +3 great sword of flaming hits you!
* * * LOW HITPOINT WARNING * * *
The +3 great sword of flaming burns you.
* * * LOW HITPOINT WARNING * * *
You barely miss the +3 great sword of flaming.
Your grab misses the +3 great sword of flaming.
You bludgeon the +3 great sword of flaming!
Your grab misses the +3 great sword of flaming.
The +3 great sword of flaming is almost destroyed.
The +3 great sword of flaming hits you.
You die...
Your body crumbles into a pile of gold.

##+###.###..............##.#.#
#...$.....................#.#
#..#....#..#.#.##...#<.....)#
#..#....#....#......#........
#.........####.........######
#.......##....#.#............
#######...(.......#.#......#####.
8.8.8.#.....#..####.#......###<#.
._.._8#.....#.((@...#......))....
......#.....#.#######.#....###.##
......#.#...#.#................##
.....8#.........#####............
...._.###......## ##.....######
.....8# #.#.#### ##..........
...######.#.# #.....####.
...#........# #..........
...#....#...# #.....<####


You could see 2 dancing weapons.

Vanquished Creatures
  A two-headed ogre (D:7)
  13 dancing weapons
  A water moccasin (D:7)
  2 black bears
  An ice beast (D:6)
  A sky beast (D:6)
  2 ogres (D:4)
  A phantom (D:4)
  4 kobold brigands
  2 bullfrogs
  4 scorpions
  A howler monkey (D:5)
  2 hounds
  2 jellies
  2 orc priests
  A gnoll bouda (D:6)
  A sleepcap (D:4)
  Ijyb (D:3)
  5 iguanas
  Terence (D:3)
  11 gnolls
  11 adders
  2 river rats (Sewer)
  2 white imps
  2 ufetubi
  3 worms
  6 dart slugs
  15 orcs
  13 ball pythons
  8 endoplasms
  5 giant cockroaches
  6 hobgoblins
  9 jackals
  13 kobolds
  5 quokkas
  6 bats
  6 frilled lizards
  6 goblins
  8 rats
185 creatures vanquished.

Notes
Turn   | Place    | Note
-------+----------+-------------------------------------------
     0 | D:1      | disskorpion the Octopode Gladiator began the quest for the
                  | Orb.
     0 | D:1      | Reached XP level 1. HP: 14/14 MP: 1/1
    40 | D:1      | Reached XP level 2. HP: 14/20 MP: 2/2
   645 | D:1      | Reached XP level 3. HP: 26/26 MP: 3/3
  1057 | D:2      | Found a faded altar of an unknown god.
  1081 | D:2      | Prayed at the altar of an unknown god.
  1081 | D:2      | Became a worshipper of the Wu Jian Council
  1081 | D:2      | Reached * piety under Wu Jian
  1327 | D:2      | Found a runed translucent door.
  1328 | D:2      | Noticed Crazy Yiuf
  1359 | D:2      | Found a sparkling altar of Nemelex Xobeh.
  1406 | D:2      | Reached XP level 4. HP: 11/33 MP: 4/4
  1681 | D:3      | Found a hazy altar of Hepliaklqana.
  1719 | D:3      | Identified a scroll of acquirement
  1801 | D:3      | Reached skill level 4 in Unarmed Combat
  1802 | D:3      | Reached ** piety under Wu Jian
  2029 | D:3      | Found Tuuppedgh's Jewellery Shoppe.
  2084 | D:3      | Found a runed translucent gate.
  2084 | D:3      | Found a runed translucent gate.
  2084 | D:3      | Found a runed translucent gate.
  2085 | D:3      | Noticed Ethylacetat's ghost (weakling OpSh)
  2085 | D:3      | Noticed Ethylacetat's ghost (amateur OpSh)
  2155 | D:3      | Noticed Terence
  2171 | D:3      | Killed Terence
  2172 | D:3      | Reached XP level 5. HP: 17/37 MP: 5/5
  2286 | D:3      | Found a bloodstained altar of Trog.
  2292 | D:3      | Found a shadowy altar of Dithmenos.
  2455 | D:3      | Reached skill level 5 in Unarmed Combat
  2558 | D:3      | Noticed Ijyb
  2598 | D:3      | Killed Ijyb
  2876 | D:4      | Reached XP level 6. HP: 34/43 MP: 6/6
  2988 | D:4      | Reached skill level 6 in Unarmed Combat
  3145 | D:4      | Found Pouqyar's Jewellery Emporium.
  3383 | D:4      | Reached skill level 7 in Unarmed Combat
  3383 | D:4      | Reached XP level 7. HP: 47/47 MP: 7/7
  3697 | D:5      | Entered Level 5 of the Dungeon
  3707 | D:5      | Reached skill level 8 in Unarmed Combat
  3752 | D:5      | Found a white marble altar of Elyvilon.
  3936 | D:5      | Found a snail-covered altar of Cheibriados.
  3948 | D:5      | Reached *** piety under Wu Jian
  3961 | D:5      | Reached XP level 8. HP: 22/54 MP: 8/8
  4177 | D:5      | Reached skill level 9 in Unarmed Combat
  4611 | D:5      | Found a staircase to the Ecumenical Temple.
  4620 | Temple   | Entered the Ecumenical Temple
  4632 | Temple   | Fell from the grace of Wu Jian
  4632 | Temple   | Became a worshipper of Gozag Ym Sagoz the Greedy
  4633 | Temple   | Acquired 930 gold pieces
  4713 | D:3      | Bought a +4 ring of protection for 504 gold pieces
  4716 | D:3      | Bought a ring of poison resistance for 280 gold pieces
  4921 | D:5      | Reached skill level 10 in Unarmed Combat
  5058 | D:6      | Found a glowing drain.
  5096 | Sewer    | Entered a sewer
  5411 | Sewer    | Noticed a +0 quarterstaff of electrocution
  5491 | Sewer    | Noticed a +4 heavy dire flail
  5491 | Sewer    | Noticed a +0 rapier of electrocution
  5491 | Sewer    | Killed a +0 rapier of electrocution
  5528 | D:6      | Reached XP level 9. HP: 59/59 MP: 9/9
  5582 | D:6      | Reached skill level 5 in Fighting
  5976 | D:7      | Noticed a two-headed ogre
  5985 | D:7      | Killed a two-headed ogre
  6447 | D:7      | Found a shadowy altar of Dithmenos.
  6449 | D:7      | Found a shadowy altar of Dithmenos.
  6449 | D:7      | Found a shimmering altar of Xom.
  6451 | D:7      | Found a shimmering altar of Xom.
  6451 | D:7      | Found a stormy altar of Qazlal.
  6451 | D:7      | Found a glowing golden altar of the Shining One.
  6865 | D:7      | Slain by a +3 great sword of flaming

Illustrated notes

Levels and vault maps discovered:
D:1:      psy_arrival_conway, layout_basic
D:2:      layout_loops_ring, basic_altar, shapermc_ecumenical_altar_notcrosses,
          uniq_crazy_yiuf_cottage
D:3:      layout_basic, grunt_temple_overflow_open, lemuel_crystal_altar,
          serial_shops, nicolae_shop_behind_doors, gammafunk_ghost_cemetery,
          chequers_jeans, hangedman_decor_clover_reticule,
          kennysheep_generic_room_12, uniq_ijyb, uniq_terence
D:4:      cheibrodos_pilgrimage, layout_rooms, serial_shops, shop,
          kennysheep_generic_room_9
D:5:      layout_rooms, kennysheep_slug_shrine, nicolae_elyvilon_temple_path,
          lemuel_temple_firewalk_b
D:6:      layout_rooms, portal_sewer_entry_f, kb_lookout_dungeons_type
D:7:      layout_basic, kennysheep_mini, doesnt_xom_only_xom,
          pf_guarded_unrand_meek
Temple:   nicolae_temple_god_jail

Skill      XL: |  1  2  3  4  5  6  7  8  9 |
---------------+----------------------------+-----
Fighting       | 3 4 8 |  8.1
Unarmed Combat | 4 5 7 8 10 | 10.9
Throwing       | |  2.0
Dodging        | |  3.0

Action                     |  1- 3 |  4- 6 |  7- 9 || total
---------------------------+-------+-------+-------++-------
  Melee: Unarmed           |    88 |   110 |   234 ||   432
         Constrict         |    20 |    32 |    62 ||   114
         Tentacles         |    19 |    30 |    57 ||   106
         Punch             |     4 |     4 |    19 ||    27
  Throw: Throwing net      |       |     4 |     1 ||     5
         Javelin           |       |     2 |     1 ||     3
 Invoke: Potion Petition   |       |       |     1 ||     1
Ability: Lunge             |     2 |    10 |     5 ||    17
         Whirlwind         |       |     3 |     2 ||     5
    Use: Scroll            |       |     6 |     5 ||    11
         Potion            |       |     2 |     4 ||     6
   Stab: Sleeping          |     9 |     5 |     4 ||    18
         Held in net/web   |       |     4 |     1 ||     5
         Distracted        |       |       |     1 ||     1
 Armour: Skin              |     7 |     5 |    19 ||    31
  Dodge: Dodged            |    38 |    44 |    87 ||   169
  Block: Kite shield       |     5 |    32 |    77 ||   114

Table legend: (Time is in decaauts)
 A = Elapsed time spent in this place.
 B = Non-inter-level travel time spent in this place.
 C = Inter-level travel time spent in this place.
 D = Time resting spent in this place.
 E = Time spent auto-exploring this place.
 F = Levels seen in this place.
 G = Mean time per level.
                   A        B        C        D        E       F      G
               +--------+--------+--------+--------+--------+-----+--------+
         Total |   6891 |   6585 |    306 |    697 |   4200 |   9 |  765.7 |
       Dungeon |   6462 |   6177 |    285 |    695 |   4033 |   7 |  923.1 |
        Temple |     24 |      3 |     21 |      0 |      0 |   1 |   24.0 |
         Sewer |    404 |    404 |      0 |      2 |    167 |   1 |  404.0 |
               +--------+--------+--------+--------+--------+-----+--------+

Top non-repeatable levels by time:
     D:3: 1274 daAuts
     D:5: 987 daAuts
     D:2: 975 daAuts
     D:4: 929 daAuts
     D:6: 844 daAuts
     D:7: 728 daAuts
     D:1: 723 daAuts
   Sewer: 404 daAuts
  Temple: 24 daAuts
